 Dungeon Crawl Stone Soup version 0.18.1-5-g4a78601 (webtiles) character file.

52095 Geppetto the Fighter (level 14, -1/133 HPs)
             Began as a Minotaur Berserker on May 11, 2016.
             Was an Elder of Trog.
             Slain by a fire elemental (5 damage)
             ... led by Azrael
             ... on level 15 of the Dungeon.
             The game lasted 01:46:49 (19280 turns).

Geppetto the Fighter (Minotaur Berserker)          Turns: 19280, Time: 01:46:52

Health: -1/133     AC: 20    Str: 30    XL:     14   Next: 25%
Magic:  0/13       EV: 11    Int:  4    God:    Trog [****..]
Gold:   776        SH:  0    Dex: 11    Spells: 0 memorised, 13 levels left

rFire  + . .     SeeInvis +     y - +4 whip (freeze)
rCold  + . .     Gourm    .     j - +0 plate armour
rNeg   . . .     Faith    .     (no shield)
rPois  +         Spirit   +     (helmet restricted)
rElec  +         Dismiss  .     (no cloak)
rCorr  +         Reflect  .     O - +2 pair of gloves
SustAt .         Harm     .     (no boots)
MR     +....                    K - amulet of guardian spirit
Stlth  ..........               E - +4 ring of strength
                                p - ring of see invisible

@: exhausted, resistant, slowed, very slow, somewhat resistant to hostile
enchantments, extremely unstealthy
A: retaliatory headbutt, horns 2
a: Berserk, Trog's Hand, Brothers in Arms, Burn Spellbooks, Renounce Religion


You were on level 15 of the Dungeon.
You worshipped Trog.
Trog was greatly pleased with you.
You were not hungry.

You visited 1 branch of the dungeon, and saw 15 of its levels.
You also visited: Ossuary.

You collected 938 gold pieces.
You spent 162 gold pieces at shops.

Inventory:

Hand Weapons
 a - a +0 mace
 y - a +4 whip of freezing (weapon)
 N - the +5 mace of the Harvest {crush, rC++ Str+2}
   (You found it on level 10 of the Dungeon)

   It inflicts extra damage upon your enemies.
   It affects your strength (+2).
   It greatly protects you from cold.
 V - a +2 antimagic great mace
Missiles
 d - 397 stones (quivered)
 B - 4 poisoned javelins
 Z - 3 tomahawks
Armour
 b - a +1 animal skin
 j - a +0 plate armour (worn)
 J - a +0 pair of gloves
 O - a +2 pair of gloves (worn)
Jewellery
 i - an uncursed amulet of faith
 p - a ring of see invisible (left hand)
 A - a +6 ring of dexterity
 D - a +3 ring of strength
 E - a +4 ring of strength (right hand)
 K - an amulet of guardian spirit (around neck)
 T - an uncursed ring of poison resistance
 U - a +2 ring of dexterity
Wands
 n - a wand of iceblast (6/15)
 o - a wand of acid (4/15)
 G - a wand of polymorph (14/24)
 H - a wand of confusion (15/48)
 I - a wand of acid (10/15)
 L - a wand of enslavement (21/24)
 Q - a wand of disintegration (13/24)
 R - a wand of iceblast (7/15)
 X - a wand of lightning (3/15)
 Y - a wand of lightning (5/15)
Scrolls
 g - 10 scrolls of remove curse
 s - 4 scrolls of fog
 z - a scroll of identify
 F - 3 scrolls of recharging
 M - a scroll of magic mapping
 S - a scroll of fear
 W - 3 scrolls of teleportation
Potions
 e - 4 potions of flight
 f - 2 potions of cure mutation
 h - 7 potions of curing
 m - 3 potions of brilliance
 r - 4 potions of might
 w - 3 potions of haste
 C - a potion of ambrosia
Comestibles
 c - 17 bread rations
 k - 6 meat rations
 l - 14 fruits
 u - 12 beef jerkies
 v - 4 slices of pizza


   Skills:
 * Level 14.6 Fighting
 - Level 14.0 Maces & Flails
 - Level 12.0 Throwing
 - Level 14.4 Armour
 + Level 8.0 Dodging


You had 13 spell levels left.
You didn't know any spells.

Dungeon Overview and Level Annotations

Branches:
Dungeon (15/15)            Temple (0/1) D:4            Lair (0/8) D:8
    Orc (0/2) D:10         Vaults (0/5) D:13
 Depths: D:15

Altars:
Ashenzari
Elyvilon
Fedhas
Okawaru
Pakellas
Qazlal
Ru
Sif Muna
Trog
Vehumet
Xom
Yredelemnul
Zin
The Shining One

Shops:
D:4 %*?=   D:5 :

Annotations:
D:6 Sigmund
D:9 exclusion: oklob plant
D:15 pedritolo's ghost, journeyman MiBe


Innate Abilities, Weirdness & Mutations

You reflexively headbutt those who attack you in melee.
You have a pair of horns on your head.


Message History

Unknown command.
Drink which item? (? for menu, Esc to quit)
You feel much better. The fire elemental hits you.
The fire elemental burns you!
* * * LOW HITPOINT WARNING * * *
The fire elemental hits you. The fire elemental burns you!
* * * LOW HITPOINT WARNING * * *
The fire elemental misses you. The fire elemental hits you.
The fire elemental burns you!
* * * LOW HITPOINT WARNING * * *
Read which item? (? for menu, Esc to quit)
Okay, then.
Drink which item? (? for menu, Esc to quit)
You feel protected. The fire elemental closely misses you.
You furiously retaliate!
You headbutt the fire elemental, but do no damage.
The fire elemental hits you. The fire elemental burns you! You resist.
* * * LOW HITPOINT WARNING * * *
The fire elemental hits you. The fire elemental burns you! You resist.
You die...

##### #....
.... ##..#
#..# ##..#
#######<.#
#........#
#.
.##....@.##
#.
#####EE.##
#.#
##T...###
#..#
##.......#
#..##
##...##....#
#..# #..(##
##.$# #...
#..)## ..#
##.. #T.#
.h#######.†
#§.
...........


You could see a troll, 2 fire elementals and a hell hound (fleeing).

Vanquished Creatures
  Azrael (D:15)
  Josephine (D:14)
  2 vault guards (D:13)
  A hydra (D:13)
  3 centaur warriors
  A catoblepas (D:15)
  A rakshasa (D:14)
  A death knight (D:15)
  3 tengu warriors
  4 skeletal warriors (D:13)
  2 unseen horrors
  3 hill giants
  2 phantasmal warriors
  Pikel (D:4)
  A necromancer (D:13)
  3 wizards (D:13)
  7 ugly things
  A deep elf mage (D:15)
  A griffon (D:13)
  3 cyclopes
  Psyche (D:9)
  2 gargoyles
  A centaur zombie (D:13)
  An efreet (D:13)
  A yaktaur (D:13)
  A kobold demonologist (D:11)
  A tengu conjurer (D:13)
  3 trolls
  Grinder (D:6)
  4 slime creatures (D:12)
  4 two-headed ogres
  7 wraiths
  24 yaks
  A fire elemental (D:15)
  A vampire (D:9)
  2 wyverns
  Eustachio (D:6)
  17 humans
  A steam dragon (D:12)
  2 hungry ghosts (D:12)
  7 vampire mosquitoes
  3 hippogriffs
  2 mottled dragons
  2 hell hounds (D:8)
  Duvessa (D:4)
  A soldier ant (D:14)
  2 sky beasts
  10 orc warriors
  An eye of draining (D:13)
  2 wasps
  12 ogres
  3 phantoms
  2 necrophages
  13 centaurs
  Blork the orc (D:6)
  4 big kobolds
  14 giant frogs
  A wyvern zombie (D:6)
  Dowan (D:4)
  A water moccasin zombie (D:8)
  A water moccasin skeleton (D:8)
  7 scorpions
  5 wights (D:7)
  8 howler monkeys
  10 crimson imps
  5 jellies
  2 giant frog zombies (D:13)
  A quasit (D:7)
  8 hounds
  4 giant frog skeletons
  11 orc priests
  4 centaur skeletons
  17 orc wizards
  3 iguanas
  7 worker ants
  4 sheep (D:14)
  3 mummies (Ossuary)
  14 gnolls
  14 adders
  6 shadow imps
  3 oozes
  An adder zombie (D:5)
  An adder skeleton (D:9)
  A worm (D:3)
  3 dart slugs
  9 giant geckos
  59 orcs
  10 bats
  3 giant cockroaches
  A gnoll zombie (Ossuary)
  17 goblins
  5 hobgoblins
  12 jackals
  25 kobolds
  5 quokkas
  2 ball pythons
  3 giant newts (D:3)
  5 goblin zombies (Ossuary)
  5 hobgoblin zombies (Ossuary)
  An orc zombie (Ossuary)
  A quokka skeleton (D:6)
  11 rats
  3 bushes
  3 plants
524 creatures vanquished.

Vanquished Creatures (others)
  A quokka skeleton (D:4)
  A plant (D:1)
2 creatures vanquished.

Grand Total: 526 creatures vanquished

Notes
Turn   | Place    | Note
--------------------------------------------------------------
     0 | D:1      | Geppetto the Minotaur Berserker began the quest for the Orb.
     0 | D:1      | Reached XP level 1. HP: 19/19 MP: 0/0
    91 | D:1      | Reached skill level 1 in Throwing
   138 | D:1      | Reached XP level 2. HP: 25/26 MP: 1/1
   186 | D:1      | You fall through a shaft!
   703 | D:1      | Reached ** piety under Trog
  1036 | D:1      | Reached XP level 3. HP: 31/31 MP: 2/2
  1951 | D:2      | Reached skill level 5 in Maces & Flails
  2354 | D:2      | Reached XP level 4. HP: 39/39 MP: 3/3
  2579 | D:2      | Found a stormy altar of Qazlal.
  2824 | D:3      | Noticed an ogre
  2830 | D:3      | Killed an ogre
  2830 | D:3      | Reached XP level 5. HP: 30/45 MP: 4/4
  3081 | D:3      | Reached *** piety under Trog
  3128 | D:3      | Found an iron altar of Okawaru.
  3129 | D:3      | Found a deep blue altar of Sif Muna.
  3129 | D:3      | Found a bloodstained altar of Trog.
  3145 | D:3      | Found an oddly glowing altar of Pakellas.
  3215 | D:3      | Found a radiant altar of Vehumet.
  3215 | D:3      | Found a shimmering altar of Xom.
  3216 | D:3      | Found a basalt altar of Yredelemnul.
  3573 | D:4      | Noticed a phantom
  3594 | D:4      | Killed a phantom
  3594 | D:4      | Reached XP level 6. HP: 48/51 MP: 5/5
  3641 | D:4      | Found Zin's Purification Station.
  3641 | D:4      | Found a glowing silver altar of Zin.
  3652 | D:4      | Bought a potion of curing for 90 gold pieces
  3696 | D:4      | Found Darphior's Assorted Antiques.
  3717 | D:4      | Found a sand-covered staircase.
  3817 | Ossuary  | Entered an ossuary
  3817 | Ossuary  | Noticed a wraith
  3817 | Ossuary  | Noticed a wraith
  3817 | Ossuary  | Noticed a wraith
  4280 | Ossuary  | Noticed a wraith
  4289 | Ossuary  | Killed a wraith
  4289 | Ossuary  | Reached XP level 7. HP: 57/57 MP: 6/6
  4598 | D:4      | Found Fuvyututi's Food Boutique.
  4598 | D:4      | Noticed Dowan
  4599 | D:4      | Noticed Duvessa
  4614 | D:4      | Killed Duvessa
  4630 | D:4      | Killed Dowan
  4851 | D:4      | Bought a slice of pizza for 18 gold pieces
  4851 | D:4      | Bought a beef jerky for 18 gold pieces
  4851 | D:4      | Bought a slice of pizza for 18 gold pieces
  4851 | D:4      | Bought a beef jerky for 18 gold pieces
  4908 | D:4      | Found Socw's Jewellery Shop.
  4937 | D:4      | Found Uhionogu's Magic Scroll Boutique.
  4956 | D:4      | Found a staircase to the Ecumenical Temple.
  5034 | D:4      | Noticed Pikel
  5062 | D:4      | Killed Pikel
  5062 | D:4      | Reached skill level 10 in Maces & Flails
  5062 | D:4      | Reached skill level 5 in Throwing
  5062 | D:4      | Reached XP level 8. HP: 64/64 MP: 7/7
  5359 | D:5      | Entered Level 5 of the Dungeon
  5660 | D:5      | Reached **** piety under Trog
  5988 | D:5      | Found Xeir's Book Shop.
  6081 | D:6      | Found a glowing golden altar of the Shining One.
  6082 | D:6      | Noticed Eustachio
  6089 | D:6      | Killed Eustachio
  6155 | D:6      | Noticed Sigmund
  6239 | D:6      | Received a gift from Trog
  6297 | D:6      | Noticed Grinder
  6303 | D:6      | Paralysed by Grinder for 2 turns
  6306 | D:6      | Killed Grinder
  6306 | D:6      | Reached XP level 9. HP: 70/70 MP: 8/8
  6654 | D:6      | Reached skill level 5 in Fighting
  6679 | D:6      | Found a sacrificial altar of Ru.
  6808 | D:6      | Noticed Blork the orc
  6813 | D:6      | Killed Blork the orc
  7083 | D:7      | Found a white marble altar of Elyvilon.
  7751 | D:7      | Reached ***** piety under Trog
  7919 | D:7      | Received a gift from Trog
  8731 | D:8      | Found a shimmering altar of Xom.
  8759 | D:8      | Reached XP level 10. HP: 82/90 MP: 9/9
  8807 | D:8      | Found a staircase to the Lair.
  9047 | D:8      | Found a shattered altar of Ashenzari.
  9077 | D:8      | Reached skill level 5 in Armour
 10167 | D:9      | Received a gift from Trog
 10230 | D:9      | Reached skill level 10 in Fighting
 10273 | D:9      | Noticed Psyche
 10295 | D:9      | Killed Psyche
 10560 | D:9      | Found a blossoming altar of Fedhas.
 10579 | D:9      | Noticed an oklob plant
 11074 | D:10     | Entered Level 10 of the Dungeon
 11099 | D:10     | Found a staircase to the Orcish Mines.
 11147 | D:10     | Got a brightly glowing mace
 11148 | D:10     | Identified the +5 mace of the Harvest {crush, rC++ Str+2} (You found it on level 10 of the Dungeon)
 11284 | D:10     | Reached skill level 10 in Armour
 11284 | D:10     | Reached XP level 11. HP: 100/100 MP: 10/10
 11976 | D:11     | Received a gift from Trog
 12015 | D:11     | Noticed a hill giant
 12231 | D:11     | Killed a hill giant
 12251 | D:11     | Reached XP level 12. HP: 63/106 MP: 8/11
 13461 | D:12     | Received a gift from Trog
 13588 | D:12     | Received a gift from Trog
 14917 | D:13     | Reached skill level 5 in Dodging
 15252 | D:13     | Reached XP level 13. HP: 119/119 MP: 12/12
 16320 | D:13     | Received a gift from Trog
 16696 | D:13     | Noticed a vault guard
 16696 | D:13     | Noticed a vault guard
 16722 | D:13     | Killed a vault guard
 16724 | D:13     | Killed a vault guard
 16808 | D:13     | Found a gate to the Vaults.
 17198 | D:13     | Reached skill level 10 in Throwing
 17350 | D:14     | Received a gift from Trog
 17385 | D:14     | Noticed Josephine
 17464 | D:14     | Killed Josephine
 17639 | D:14     | HP: 5/123 [cyclops/large rock (20)]
 18122 | D:14     | Reached XP level 14. HP: 116/130 MP: 11/13
 18237 | D:14     | Received a gift from Trog
 18384 | D:15     | Entered Level 15 of the Dungeon
 18987 | D:15     | Noticed pedritolo's ghost (journeyman MiBe)
 19251 | D:15     | Noticed Azrael
 19271 | D:15     | Killed Azrael
 19279 | D:15     | HP: 6/133 [fire elemental[Azrael] (5)]
 19280 | D:15     | Slain by a fire elemental

Skill      XL: |  1  2  3  4  5  6  7  8  9 10 11 12 13 14 |
---------------+-------------------------------------------+-----
Throwing       | 1 2 3 4 5 6 8 11 12 | 12.0
Maces & Flails | 4 5 6 7 8 10 12 13 14 | 14.0
Fighting       | 8 10 12 13 14 | 14.6
Armour         | 3 10 12 14 | 14.4
Dodging        | 3 5 7 8 |  8.0

Action                   |  1- 3 |  4- 6 |  7- 9 | 10-12 | 13-15 || total
-------------------------+-------+-------+-------+-------+-------++-------
Melee: Mace              |   183 |   103 |    36 |   317 |   326 ||   965
       Headbutt          |    56 |    18 |    59 |   165 |    84 ||   382
       Whip              |       |       |   279 |   217 |    12 ||   508
Throw: Stone             |    91 |   119 |   144 |   509 |   228 ||  1091
       Tomahawk          |       |    32 |   125 |     4 |   163 ||   324
Invok: Berserk           |       |     2 |     5 |     9 |     8 ||    24
       Trog's Hand       |       |       |     3 |     3 |    10 ||    16
       Burn Spellbooks   |       |       |       |     4 |     1 ||     5
  Use: Scroll            |     6 |     2 |     6 |    10 |     7 ||    31
       Potion            |     1 |       |     1 |     2 |     7 ||    11
 Stab: Invisible         |       |       |       |     2 |       ||     2
  Eat: Chunk             |     4 |     7 |    15 |    22 |    14 ||    62
       Fruit             |       |     1 |     1 |       |       ||     2
       Meat ration       |       |       |     1 |       |     2 ||     3
       Bread ration      |       |       |       |     3 |       ||     3
Armor: Animal skin       |    12 |       |       |       |       ||    12
       Plate armour      |     8 |    58 |   112 |   193 |   201 ||   572
Dodge: Dodged            |    52 |    28 |    63 |   116 |   112 ||   371
